Map: Zen LE

Players

INnoVation - Winner!

  • Race: Terran Terran
  • League: Master
  • Spawn Location: 1:00

Trap

  • Race: Protoss Protoss
  • League: Master
  • Spawn Location: 7:00

Event: Shopify TSL 5

VOD

Have the link to the VOD?

Description

Time

  • Played on: June 7, 2020, 9:06 a.m.
  • Length: 6:06

All games in this series

Show
View Real Time Build Order
Export as new Build Order

INnoVation Terran - Winner!

Build Orders: Liberator Opening 

Get SALT Encoding   

  12  0:00  SCV  
  13  0:12  SCV  
  14  0:17  Supply Depot  
  14  0:24  SCV  
  15  0:38  SCV  
  15  0:41  Barracks  
  16  0:45  Refinery  
  16  0:50  SCV  
  16  0:54  Refinery  
  17  1:02  SCV  
  18  1:14  SCV  
  19  1:28  Reaper, Orbital Command  
  20  1:35  Supply Depot  
  20  1:46  Factory  
  20  1:53  SCV  
  21  2:03  Reaper  
  21  2:05  SCV  
  23  2:17  SCV  
  24  2:25  Command Center  
  25  2:30  SCV  
  25  2:31  Hellion  
  27  2:40  Starport  
  27  2:43  SCV  
  28  2:50  Supply Depot  
  28  2:53  Factory Tech Lab  
  28  2:56  SCV  
  29  3:00  Barracks Reactor  
  29  3:08  SCV  
  30  3:17  Liberator  
  33  3:20  SCV  
  33  3:26  Cyclone  
  37  3:32  SCV  
  35  3:36  Marine x2  
  36  3:44  SCV  
  37  3:53  Orbital Command  
  37  3:54  Marine x2  
  39  3:56  SCV  
  39  3:58  Cyclone  
  39  4:02  Viking  
  45  4:08  SCV  
  45  4:13  Marine x2  
  45  4:20  SCV  
  44  4:28  SCV  
  45  4:32  SCV, Cyclone  
  49  4:39  Marine x2  
  49  4:41  SCV  
  49  4:44  SCV  
  49  4:45  Supply Depot  
  53  4:53  SCV  
  54  5:02  Supply Depot  
  54  5:06  Marine x2  
  54  5:07  SCV x2, Siege Tank  
  60  5:19  SCV x2  
  60  5:20  Refinery, Command Center  
  62  5:22  Refinery  
  62  5:25  Marine  
  62  5:26  Marine  
  61  5:32  SCV x2, Supply Depot  
  69  5:43  Marine  
  69  5:44  Marine  
  70  5:53  SCV x2  
Show
View Real Time Build Order
Export as new Build Order

Trap Protoss 

Build Orders: 1 Gate Expand, Oracle Opening 

Get SALT Encoding   

  12  0:00  Probe  
  13  0:12  Probe  
  14  0:17  Pylon  
  14  0:24  Probe (Chrono Boost)  
  15  0:36  Probe (Chrono Boost)  
  15  0:38  Gateway  
  16  0:44  Probe (Chrono Boost)  
  16  0:46  Assimilator  
  17  0:50  Probe  
  18  1:03  Probe  
  19  1:15  Probe  
  20  1:27  Nexus  
  20  1:33  Cybernetics Core  
  20  1:37  Probe  
  21  1:42  Assimilator  
  21  1:50  Probe  
  21  1:53  Pylon  
  22  2:02  Probe  
  22  2:08  Stalker (Chrono Boost)  
  23  2:14  Probe  
  25  2:19  Stargate  
  25  2:26  Probe  
  25  2:27  Warp Gate  
  26  2:34  Stalker (Chrono Boost)  
  28  2:39  Probe (Chrono Boost)  
  28  2:43  Probe (Chrono Boost)  
  30  2:48  Probe (Chrono Boost)  
  32  2:51  Probe (Chrono Boost)  
  32  2:53  Probe  
  32  2:57  Adept  
  35  3:02  Probe  
  36  3:06  Probe  
  36  3:07  Oracle (Chrono Boost)  
  40  3:18  Probe x2  
  40  3:19  Pylon  
  40  3:30  Probe x2  
  41  3:42  Probe x2  
  41  3:45  Gateway  
  41  3:47  Gateway  
  43  3:51  Pylon  
  43  3:54  Probe x2  
  45  4:07  Oracle (Chrono Boost)  
  46  4:16  Probe x2  
  46  4:28  Probe x2  
  46  4:29  Pylon  
  45  4:37  Nexus  
  45  4:44  Probe x2  
  47  4:45  Stalker x2  
  47  4:48  Phoenix (Chrono Boost)  
  49  4:53  Stalker  
  49  4:56  Pylon  
  50  5:03  Probe x2  
  50  5:06  Pylon  
  45  5:14  Stalker, Zealot  
  45  5:19  Zealot  
  49  5:22  Probe x2  
  48  5:33  Stalker  
  48  5:34  Zealot  
  52  5:36  Probe x2  
  52  5:40  Stalker  
  56  5:48  Probe x2  
Tags
 
Add a new tag
Caveats
  • Supply blocks, unpowered buildings, or Contaminate may cause inaccurate times.
  • Supply counts are checked every 10 seconds.